Unix NetHack Version 5.0.0-0 post-release - last build May 23 2026 06:08:33 (1c0ff79ee797540d5714e4e18072db0edd9e58ae,branch:main).

Game began 2026-05-28 17:36:55, ended 2026-05-28 17:59:22.

DaveT, lawful male human Priest

     --------                         -----
    --.|.|..|                        --...---
    |.......-------                  |.....|...
    --..........^.---           ------.......*.
     |..--..---##...|     ---  --...........-
     -----..--  ---.------|.---|..---.......|
       --....|    |.......|...--.-- |.--...--
      --.....|    -------.|-.....|  -----..--
      |....------       |.||.^>---      |-..|
      |....| |..-- ---- |.||...--       -...-
      |....| --..---..| |.---.%.--------.....------
      ---..-- |-......| |..---.......[.............
        |-..| |.......----..--...--..----.--...--
        |..<| --.......----)...---|..-- -------...
      ---...| --.....^...%.....|---...--      |....
     --....----)...............--......|    ---G[).
     |.....| |..........).----.........|    |.@i...
     --..--- |.....|.^.----  --..|....--    |:::..
      ----   ---..---..|      -----.---
               ---- ----          ---
DaveT the Adept              St:12 Dx:15 Co:13 In:9 Wi:18 Ch:13  Lawful
Dlvl:5  $:3740 HP:0(51) Pw:28(73) AC:0  Xp:6 T:4226  Satiated

Latest messages:
 The manes misses!
 You hit the gnome.
 The gecko bites!
 The iguana misses!
 You hit the gnome.
 The gecko just misses!
 The gecko bites!
 You hit the gnome.
 The manes just misses!
 The manes hits!
 The manes misses!
 The gnome swings her thonged club.
 The gnome hits!
 In what direction? .
 You feel better.
 The iguana bites!
 In what direction? .
 You feel better.
 The gecko misses!
 The iguana bites!
 The gnome swings her thonged club.
 The gnome misses!
 You hit the gnome.
 The iguana misses!
 The gecko misses!
 You miss the gnome.
 The gecko bites!
 The iguana misses!
 You hit the gnome.
 The gecko misses!
 The manes hits!
 The manes misses!
 The manes misses!
 The gecko misses!
 You hit the gnome.
 The gecko bites!
 The iguana bites!
 The gnome swings her thonged club.
 The gnome hits!
 You miss the gnome.
 The gecko bites!
 The iguana bites!
 The manes misses!
 The manes misses!
 The manes misses!
 The gnome swings her thonged club.
 The gnome hits!
 You die...
 Do you want your possessions identified? [ynq] (y) y
 Do you want to see your attributes? [ynq] (y) q

Inventory:
 Coins    ('$')
  $ - 3740 gold pieces
 Weapons  (')')
  s - 9 blessed +0 darts
  z - a +0 orcish dagger (weapon in right hand)
 Armor    ('[')
  p - a +5 pair of leather gloves (being worn)
  c - a +0 small shield (being worn)
  o - a +0 studded leather armor (being worn)
 Comestibles  ('%')
  X - 2 cram rations
  f - a sprig of wolfsbane
  w - a lichen corpse
 Potions  ('!')
  h - 2 potions of booze
  i - a potion of oil
 Rings    ('=')
  E - a +1 ring of increase accuracy
  Y - a ring of slow digestion (on right hand)
 Wands    ('/')
  g - a wand of create monster (0:14)
  n - a wand of digging (0:3)
  K - a wand of magic missile (0:3)
  F - a wand of magic missile (0:0)
 Tools    ('(')
  O - a blindfold
  r - a +0 pick-axe

DaveT the Priest's attributes:

Background:
 You were an Adept, a level 6 human Priest.
 You were lawful, nominally on a mission for Ptah
 who was opposed by Thoth (neutral) and Anhur (chaotic).
 You were right-handed.
 You were in the Gnomish Mines, on level 5.
 You entered the dungeon 4226 turns ago.
 You had 527 experience points, 113 more were needed to attain level 7.

Basics:
 You had 0 out of 51 hit points.
 You had 28 out of 73 energy points (spell power).
 Your armor class was 0.
 Your wallet contained 3740 zorkmids.
 Autopickup was off.

Final Characteristics:
 Your strength was 12 (limit:18/100).
 Your dexterity was 15 (limit:18).
 Your constitution was 13 (limit:18).
 Your intelligence was 9 (limit:18).
 Your wisdom was 18 (limit:18).
 Your charisma was 13 (limit:18).

Final Status:
 You were satiated.
 You were unencumbered.
 You were wielding a dagger.
 You had no skill with dagger.

Final Attributes:
 You were piously aligned.
 You had slower digestion.
 You were warded.
 You are dead.

Miscellaneous:
 You encountered 1 bones level.
 Total elapsed playing time was 22 minutes and 26 seconds.

Major events:
 Turn
    1: DaveT the lawful human Priest entered the dungeon
  716: attained the rank of Acolyte (level 3)
 2128: entered the Gnomish Mines
 3448: attained the rank of Adept (level 6)
 4226: killed by a gnome

Spells:
 Name                 Level Category     Fail Retention
 light                  1   clerical       0%   71%-80%
 create monster         2   clerical       0%   71%-80%
 healing                1   healing        0%  76%-100%
 haste self             3   escape        86%  76%-100%
 detect unseen          3   divination    86%  76%-100%

Skills:
 Fighting Skills
   bare handed combat [Unskilled]
 Weapon Skills
   club               [Unskilled]
   mace               [Skilled]
   morning star       [Unskilled]
   flail              [Unskilled]
   hammer             [Unskilled]
   quarterstaff       [Unskilled]
   polearms           [Unskilled]
   spear              [Unskilled]
   trident            [Unskilled]
   lance              [Unskilled]
   bow                [Unskilled]
   sling              [Unskilled]
   crossbow           [Unskilled]
   dart               [Unskilled]
   shuriken           [Unskilled]
   boomerang          [Unskilled]
   unicorn horn       [Unskilled]
 Spellcasting Skills
   healing spells     [Unskilled]
   divination spells  [Unskilled]
   clerical spells    [Basic]

Voluntary challenges:
 Character rerolling was not enabled.
 You were an atheist.
 You never genocided any monsters.
 You never polymorphed an object.
 You never changed form.
 You used no wishes.
Achievements:
 You entered a shop.
 You attained the rank of Acolyte.
 You entered the Gnomish Mines.
 You attained the rank of Adept.

 The Dungeons of Doom: levels 1 to 6
    Level 1: "emptied vault"
       A sink, a grave.
    Level 2: "emptied vaule"
       A general store, some fountains.
    Level 3:
       A fountain, a sink.
    Level 4:
       Stairs down to The Gnomish Mines.
    Level 5:
    Level 6:
 The Gnomish Mines: levels 5 to 6
    Level 5: <- You were here.
       Final resting place for
          you, killed by a gnome.
    Level 6:
       Final resting place for
          Atomicjoy-Wiz-Elf-Mal-Cha, killed by a boulder.


Vanquished creatures:
  a small mimic
  a dog
  2 imps
  4 Uruk-hai
  a rock mole
  a pony
  a fog cloud
  2 yellow lights
  a shrieker
  a violet fungus
  3 gnome leaders
  2 paper golems
  a giant ant
  a floating eye
  a kitten
  a dwarf
  a homunculus
  a kobold leader
  5 rothes
  a giant bat
  2 orc zombies
  a wererat
 an iguana
  a coyote
  a giant rat
  a cave spider
  a brown mold
  3 gnomes
  4 geckos
  4 jackals
  3 foxes
  2 kobolds
  2 goblins
  2 sewer rats
  2 grid bugs
  6 lichens
  5 newts
73 creatures vanquished.

No species were genocided or became extinct.

Game over:
                       ----------
                      /          \
                     /    REST    \
                    /      IN      \
                   /     PEACE      \
                  /                  \
                  |      DaveT       |
                  |     3740 Au      |
                  |   killed by a    |
                  |      gnome       |
                  |                  |
                  |                  |
                  |       2026       |
                 *|     *  *  *      | *
        _________)/\\_//(\/(/\)/\//\/|_)_______

Goodbye DaveT the Priest...

You died in The Gnomish Mines on dungeon level 5 with 5774 points,
and 3740 pieces of gold, after 4226 moves.
You were level 6 with a maximum of 51 hit points when you died.

